 Dungeon Crawl Stone Soup version 0.21.1-1-g345015fe64 (webtiles) character file.

1403 YoungGLord the Grappler (level 8, -8/78 HPs)
             Began as a Troll Berserker on May 1, 2018.
             Was an Elder of Trog.
             Mangled by an orc priest
             ... wielding a +0 hand axe
              (9 damage)
             ... on level 5 of the Dungeon.
             The game lasted 00:35:38 (4424 turns).

YoungGLord the Grappler (Troll Berserker)           Turns: 4424, Time: 00:35:39

Health: -8/78      AC:  3    Str: 28    XL:     8   Next: 42%
Magic:  7/7        EV: 11    Int:  3    God:    Trog [****..]
Gold:   167        SH:  0    Dex:  9    Spells: 7/7 levels left

rFire    . . .     SeeInvis .     - Unarmed
rCold    . . .     Gourm    +   (no shield)
rNeg     . . .     Faith    .   (armour restricted)
rPois    .         Spirit   .   (helmet restricted)
rElec    .         Reflect  .   (no cloak)
rCorr    .         Harm     .   (gloves unavailable)
MR       .....     Rnd*Tele +   (boots unavailable)
Stlth    +.........             (no amulet)
HPRegen  0.63/turn              (no ring)
MPRegen  0.10/turn              (no ring)

@: berserk cooldown, slowed, very slow
A: large, unfitting armour, claws 3, fast metabolism 3, gourmand, mutation
resistance 1, regeneration 1, shaggy fur 1, teleportitis 1, tough skin 2
a: Berserk, Trog's Hand, Brothers in Arms, Burn Spellbooks, Renounce Religion


You were on level 5 of the Dungeon.
You worshipped Trog.
Trog was greatly pleased with you.
You were not hungry.

You visited 1 branch of the dungeon, and saw 5 of its levels.
You also visited: Sewer.

You collected 167 gold pieces.

Inventory:

Hand Weapons
 d - a +1 dagger
 m - a +0 war axe
Missiles
 n - 116 stones (quivered)
Armour
 a - a +0 animal skin
 g - a +0 robe
 i - a +0 ring mail
Jewellery
 u - an uncursed amulet of harm {unknown}
Wands
 k - a wand of iceblast (11)
 o - a wand of flame (10)
 w - a wand of disintegration (16)
Scrolls
 h - 3 scrolls of identify
 q - 2 scrolls of fog {unknown}
 r - a scroll of magic mapping
 s - a scroll of amnesia
 t - 2 scrolls of teleportation {unknown}
 x - a scroll of enchant weapon
 y - a scroll of remove curse {unknown}
 z - a scroll of fear {unknown}
Potions
 c - a potion of curing
 e - 2 potions of haste {unknown}
 f - 2 potions of lignification
 j - a potion of berserk rage {unknown}
 l - a potion of might
 p - a potion of mutation
 v - 2 potions of degeneration {unknown}
Comestibles
 b - 9 rations


   Skills:
 + Level 4.1 Fighting
 + Level 5.3 Dodging
 + Level 1.1 Stealth
 + Level 8.0 Unarmed Combat


You had 7 spell levels left.
You didn't know any spells.

Dungeon Overview and Level Annotations

Branches:
Dungeon (5/15)
 Temple: D:4-7

Altars:
Fedhas
Vehumet
Xom


Innate Abilities, Weirdness & Mutations

You are too large for most types of armour.
You have claws for hands.
Your metabolism is lightning-fast.
You like to eat raw meat.
Your natural rate of healing is unusually fast.
You are covered in fur. (AC +1)
You have very tough skin. (AC +2)
You are somewhat resistant to further mutation.
You are occasionally teleported next to monsters.


Message History

The orc priest closely misses you.
The gnoll hits you from afar with a halberd.
* * * LOW HITPOINT WARNING * * *
You scratch the orc priest.
The orc priest is lightly wounded.
The orc priest begins to cast a cantrip, but forgets the words!
The gnoll closely misses you.
The orc priest hits you with a hand axe.
* * * LOW HITPOINT WARNING * * *
You claw the orc priest! You claw the orc priest.
The orc priest is heavily wounded.
The gnoll barely misses you.
The orc priest hits you with a hand axe.
* * * LOW HITPOINT WARNING * * *
You scratch the orc priest but do no damage.
The orc priest is heavily wounded.
The gnoll hits you from afar with a halberd!
* * * LOW HITPOINT WARNING * * *
The orc priest hits you with a hand axe!
You die...

#..#
###.#....#.#...###.# .
.
#.#####.....##...###.#
.. # #.......#.#....##
#.. .# .
#########?...### ##. .
#....# . ##...# #....#
#...#)######
$......#)@o...# #
.....####)....# #
.....# #g....# ....#
#........ ....
#.....### .. #.....#
#.....# #######


You could see an orc priest and a gnoll.

Vanquished Creatures
  Grinder (Sewer)
  Eustachio (D:4)
  An ice beast (D:5)
  An ogre (D:4)
  A centaur (D:5)
  A big kobold (Sewer)
  A scorpion (D:4)
  A quasit (Sewer)
  2 orc priests (D:4)
  A gnoll shaman (D:5)
  A hound (D:4)
  2 orc wizards
  A bullfrog skeleton (D:4)
  Ijyb (D:3)
  A worker ant (D:4)
  Natasha (D:2)
  3 big kobold zombies (Sewer)
  Robin (D:4)
  4 gnolls (D:5)
  A river rat (D:3)
  8 adders
  6 shadow imps (Sewer)
  An ufetubus (Sewer)
  3 oozes
  An adder skeleton (D:4)
  2 worms (D:3)
  5 dart slugs (D:2)
  A leopard gecko (D:1)
  8 orcs
  5 bats
  3 bat zombies (Sewer)
  8 giant cockroaches
  13 goblins
  9 hobgoblins
  A jackal (D:3)
  A quokka (D:4)
  5 frilled lizards (D:2)
  A jackal skeleton (D:5)
  18 kobolds
  7 rats
  2 bushes (D:2)
  3 plants (D:2)
138 creatures vanquished.

Vanquished Creatures (others)
  An ooze (Sewer)
1 creature vanquished.

Grand Total: 139 creatures vanquished

Notes
Turn   | Place    | Note
-------+----------+-------------------------------------------
     0 | D:1      | YoungGLord the Troll Berserker began the quest for the Orb.
     0 | D:1      | Reached XP level 1. HP: 22/22 MP: 0/0
   116 | D:2      | Reached XP level 2. HP: 29/29 MP: 1/1
   172 | D:2      | Noticed Natasha
   175 | D:2      | Noticed a crimson imp
   188 | D:2      | Killed Natasha
   188 | D:2      | Reached XP level 3. HP: 22/36 MP: 2/2
   620 | D:2      | Gained mutation: You are occasionally teleported next to monsters. [potion of mutation]
   620 | D:2      | Gained mutation: You are somewhat resistant to further mutation. [potion of mutation]
   716 | D:2      | Reached XP level 4. HP: 32/44 MP: 3/3
   717 | D:2      | Reached ** piety under Trog
   813 | D:2      | Found a blossoming altar of Fedhas.
  1181 | D:2      | Reached skill level 4 in Unarmed Combat
  1460 | D:3      | Found a glowing drain.
  1467 | Sewer    | Entered a sewer
  1519 | Sewer    | Reached XP level 5. HP: 51/53 MP: 4/4
  1640 | Sewer    | Noticed Grinder
  1643 | Sewer    | Killed Grinder
  1643 | Sewer    | Reached skill level 5 in Unarmed Combat
  1643 | Sewer    | Reached XP level 6. HP: 44/61 MP: 5/5
  1670 | Sewer    | Found a burning altar of Makhleb.
  1699 | Sewer    | Reached *** piety under Trog
  1718 | Sewer    | Reached skill level 6 in Unarmed Combat
  1718 | Sewer    | Reached XP level 7. HP: 8/67 MP: 6/6
  2674 | D:3      | Noticed Ijyb
  2688 | D:3      | Killed Ijyb
  3493 | D:4      | Noticed Robin
  3500 | D:4      | Noticed Eustachio
  3517 | D:4      | Killed Robin
  3531 | D:4      | Reached **** piety under Trog
  3531 | D:4      | Received a gift from Trog
  3545 | D:4      | Killed Eustachio
  3545 | D:4      | Reached skill level 7 in Unarmed Combat
  3614 | D:4      | Found a shimmering altar of Xom.
  3616 | D:4      | Found a radiant altar of Vehumet.
  3843 | D:4      | Reached XP level 8. HP: 75/78 MP: 7/7
  3865 | D:4      | Reached skill level 1 in Stealth
  3882 | D:4      | Reached skill level 5 in Dodging
  3899 | D:5      | Entered Level 5 of the Dungeon
  4414 | D:5      | Reached skill level 8 in Unarmed Combat
  4418 | D:5      | HP: 1/78 [orc priest/divine providence (12)]
  4424 | D:5      | HP: 1/78 [gnoll/halberd (8)]
  4424 | D:5      | Mangled by an orc priest

Skill      XL: |  1  2  3  4  5  6  7  8 |
---------------+-------------------------+-----
Dodging        | 3 4 5 |  5.3
Unarmed Combat | 4 5 6 7 8 |  8.0
Fighting       | 3 4 |  4.1
Stealth        | 1 |  1.1

Action                   |  1- 3 |  4- 6 |  7- 9 || total
-------------------------+-------+-------+-------++-------
Melee: Unarmed           |    95 |   237 |   159 ||   491
       Punch             |       |    11 |    14 ||    25
Invok: Berserk           |       |     1 |     4 ||     5
  Use: Potion            |     1 |     2 |    10 ||    13
       Scroll            |     1 |       |     3 ||     4
 Stab: Sleeping          |       |     1 |     1 ||     2
  Eat: Chunk             |    12 |    10 |    18 ||    40
       Ration            |       |       |     1 ||     1
Armor: Animal skin       |    33 |       |       ||    33
       Skin              |     5 |    33 |    34 ||    72
Dodge: Dodged            |    53 |   105 |   132 ||   290
